 Dungeon Crawl Stone Soup version 0.25-a0-549-g6e6e6501ad (webtiles) character file.

Game seed: 4428656907896267267, levelgen mode: deterministic

160 ICC the Magician (level 5, 0/28 HPs)
             Began as a Vine Stalker Fighter on Feb 23, 2020.
             Slain by Crazy Yiuf
             ... wielding a +4 quarterstaff of chaos
              (2 damage)
             ... on level 2 of the Dungeon.
             The game lasted 00:04:20 (1443 turns).

ICC the Magician (Vine Stalker Fighter)             Turns: 1443, Time: 00:04:20

Health: 0/28       AC:  6    Str: 19    XL:     5   Next: 41%
Magic:  0/12       EV:  7    Int:  8    God:
Gold:   97         SH:  0    Dex: 14    Spells: 13/13 levels left

rFire    . . .     SeeInvis .   a - +0 rapier
rCold    . . .     Gourm    .   c - +0 kite shield
rNeg     + . .     Faith    .   b - +0 scale mail
rPois    .         Spirit   +   (helmet restricted)
rElec    .         Reflect  .   (no cloak)
rCorr    .         Harm     .   (no gloves)
MR       .....                  (no boots)
Stlth    ..........             (no amulet)
HPRegen  0.49/turn              j - ring of positive energy
MPRegen  0.13/turn              (no ring)

@: confused, hasted, very quick
A: fangs 2, horns 1, regeneration 1, magic shield, antimagic bite, no potion
heal 3, rot immunity
a: no special abilities


You were on level 2 of the Dungeon.
You were not hungry.

You visited 1 branch of the dungeon, and saw 2 of its levels.

You collected 97 gold pieces.

Inventory:

Hand Weapons
 a - a +0 rapier (weapon)
Armour
 b - a +0 scale mail (worn)
 c - a +0 kite shield (worn)
Jewellery
 j - a ring of positive energy (left hand)
Scrolls
 e - 2 scrolls of identify {unknown}
 h - a scroll of amnesia {unknown}
 l - a scroll of fog {unknown}
 n - a scroll of enchant weapon {unknown}
Potions
 d - a potion of mutation
 g - a potion of haste
 i - a potion of flight {unknown}
Comestibles
 f - 5 rations


   Skills:
 - Level 3.0 Fighting
 - Level 2.0 Short Blades
 - Level 2.4 Armour
 - Level 2.6 Shields
 + Level 4.6 Spellcasting


You had 13 spell levels left.
You didn't know any spells.
Your spell library was empty.

Dungeon Overview and Level Annotations

Branches:
Dungeon (2/15)

Altars:
Ashenzari
Gozag
Kikubaaqudgha
Okawaru

Shops:
D:2 *

Annotations:
D:2 Crazy Yiuf


Innate Abilities, Weirdness & Mutations

You have extremely sharp teeth.
Your natural rate of healing is unusually fast.
When hurt, damage is shared between your health and your magic reserves.
Your bite disrupts and absorbs the magic of your enemies.
Potions cannot restore your health.
You are immune to rotting.
You have a pair of small horns on your head.


Message History

You have reached level 5!
You open the door.
Crazy Yiuf drinks a potion.
Crazy Yiuf seems to speed up.
Crazy Yiuf hits you with a +4 quarterstaff of chaos!
* * * LOW HITPOINT WARNING * * *
There is an open translucent door, spattered with blood here.
You puncture Crazy Yiuf! Your bite misses Crazy Yiuf.
Crazy Yiuf is moderately wounded.
Crazy Yiuf hits you with a +4 quarterstaff of chaos.
* * * LOW HITPOINT WARNING * * *
You are confused.
You bump into the stone wall.
Crazy Yiuf hits you with a +4 quarterstaff of chaos.
Crazy Yiuf burns you.
* * * LOW HITPOINT WARNING * * *
Unknown command.
You're too confused to move!
Crazy Yiuf hits you but does no damage.
Okay, then.
You bump into the stone wall.
Crazy Yiuf hits you with a +4 quarterstaff of chaos.
You die...

########## #....#
......†..# ##..##
########.# #....#
#.# #...## ###.#
##.## #...# #.##
######.#.# ##.#
.........# #)##
.###'###.# ##@# .#
#.# #.## #g#
.###.###..# #...#
.###_).'..## #...#
.###.###...# #..)#
.# #.# #..## #####
.###+###..#
.........#########
......+.....#....#


You could see Crazy Yiuf.

Vanquished Creatures
  An ogre (D:2)
  Terence (D:2)
  An adder (D:2)
  2 worms (D:2)
  A dart slug (D:1)
  2 leopard geckos
  2 giant cockroaches (D:2)
  4 goblins
  6 hobgoblins
  2 quokkas (D:2)
  4 bats
  3 frilled lizards
  3 kobolds
  5 rats
37 creatures vanquished.

Notes
Turn   | Place    | Note
-------+----------+-------------------------------------------
     0 | D:1      | ICC the Vine Stalker Fighter began the quest for the Orb.
     0 | D:1      | Reached XP level 1. HP: 11/11 MP: 2/2
   151 | D:1      | Reached XP level 2. HP: 5/16 MP: 3/3
   340 | D:1      | Reached skill level 1 in Spellcasting
   777 | D:2      | Found an opulent altar of Gozag.
   777 | D:2      | Noticed an ogre
   895 | D:2      | Found an iron altar of Okawaru.
   933 | D:2      | Reached XP level 3. HP: 13/20 MP: 6/6
   965 | D:2      | Gained mutation: You have a pair of small horns on your
                  | head. [potion of mutation]
   973 | D:2      | Reached skill level 2 in Spellcasting
  1080 | D:2      | Noticed Terence
  1084 | D:2      | Killed Terence
  1084 | D:2      | Reached skill level 3 in Spellcasting
  1084 | D:2      | Gained mutation: Your natural rate of healing is unusually
                  | fast. [Vine Stalker growth]
  1084 | D:2      | Reached XP level 4. HP: 11/24 MP: 7/9
  1112 | D:2      | Found an ancient bone altar of Kikubaaqudgha.
  1300 | D:2      | Found a shattered altar of Ashenzari.
  1350 | D:2      | Found a runed translucent door.
  1352 | D:2      | Noticed Crazy Yiuf
  1402 | D:2      | Found Gozag's Platinum Reserve.
  1436 | D:2      | Killed an ogre
  1436 | D:2      | Reached skill level 4 in Spellcasting
  1436 | D:2      | Reached XP level 5. HP: 11/28 MP: 3/12
  1440 | D:2      | HP: 1/28 [Crazy Yiuf/+4 quarterstaff of chaos (1)]
  1443 | D:2      | Slain by Crazy Yiuf

Levels and vault maps discovered:
D:1:      minmay_arrival_radiant_lines, layout_loops_corners,
          wad_floor_pattern_untrapped
D:2:      layout_basic, old_standard_altar, lemuel_doored_altar,
          nicolae_gozag_zags_fifth_avenue, ashenzari_altar_1,
          uniq_crazy_yiuf_cottage, uniq_terence

Skill      XL: |  1  2  3  4 |
---------------+-------------+-----
Short Blades   | 2 |  2.0
Fighting       | 3 |  3.0
Spellcasting   | 1 3 4 |  4.6
Armour         | |  2.4
Shields        | |  2.6

Action                   |  1- 3 |  4- 6 || total
-------------------------+-------+-------++-------
Melee: Rapier            |    82 |    22 ||   104
       Bite              |    18 |     4 ||    22
       Headbutt          |       |     5 ||     5
  Use: Potion            |     7 |     1 ||     8
  Eat: Chunk             |     1 |     1 ||     2
Armor: Scale mail        |    31 |     4 ||    35
       Skin              |     9 |       ||     9
Dodge: Dodged            |    13 |     4 ||    17
Block: Kite shield       |    32 |    11 ||    43

Table legend:
 A = Non-vault XP
 B = Vault XP
 C = Vault XP percentage of total XP
 D = Non-vault monster count
 E = Vault monster count
 F = Vault count percentage of total count
                 A         B        C        D         E       F
            +---------+---------+-------+---------+---------+-------
      Total |     193 |      36 |  15.7 |      36 |       1 |   2.7
            +---------+---------+-------+---------+---------+-------
        D:1 |      22 |       0 |   0.0 |      13 |       0 |   0.0
        D:2 |     171 |      36 |  17.4 |      23 |       1 |   4.2
            +---------+---------+-------+---------+---------+-------
